 Dungeon Crawl Stone Soup version 0.27-a0-1565-gad902ab807 (webtiles) character file.

Game seed: 12236189594268822296

77 gimp the Stinger (level 4, 0/33 HPs)
             Began as a Formicid Wanderer on July 16, 2021.
             Slain by an orc (6 damage)
             ... on level 3 of the Dungeon.
             The game lasted 00:04:44 (2834 turns).

gimp the Stinger (Formicid Wanderer)                Turns: 2834, Time: 00:04:45

Health: 0/33       AC:  5    Str: 18    XL:     4   Next: 60%
Magic:  7/7        EV: 10    Int: 11    God:
Gold:   185        SH:  0    Dex: 10    Spells: 7/7 levels left

rFire    . . .     SeeInvis +   f - +0 hand axe
rCold    . . .     Faith    .   (no shield)
rNeg     . . .     Spirit   .   d - +0 ring mail
rPois    +         Reflect  .   (helmet unavailable)
rElec    .         Harm     .   (no cloak)
rCorr    .         Rampage  .   (no gloves)
Will     .....                  (no boots)
Stlth    ..........             (no amulet)
HPRegen  0.11/turn              m - ring of poison resistance
MPRegen  0.10/turn              (no ring)

@: flying
A: permanent stasis, dig shafts and tunnels, antennae 3, four strong arms,
screaming 1
a: Dig, Shaft Self


You were on level 3 of the Dungeon.
You visited 1 branch of the dungeon, and saw 4 of its levels.

You collected 185 gold pieces.

Inventory:

Hand Weapons
 a - a +0 club
 b - a +0 vampiric dagger
 c - a +0 dagger
 f - a +0 hand axe (weapon)
 o - a +0 war axe
Armour
 d - a +0 ring mail (worn)
Jewellery
 m - a ring of poison resistance (left hand)
Scrolls
 h - a scroll of magic mapping {unknown}
 i - a scroll of immolation {unknown}
 l - a scroll of identify {unknown}
 p - 3 scrolls of enchant armour {unknown}
 q - a scroll of summoning {unknown}
Potions
 g - a potion of heal wounds
 j - a potion of cancellation


   Skills:
 + Level 1.9 Fighting
 * Level 2.5 Axes
 + Level 1.8 Armour
 - Level 1.2 Shields
 - Level 2.1 Spellcasting
 - Level 1.7 Conjurations
 - Level 1.0 Necromancy
 - Level 1.0 Ice Magic
 - Level 2.6 Poison Magic
 - Level 1.1 Evocations


You had 7 spell levels left.
You didn't know any spells.
Your spell library contained the following spells:

 Spells                   Type           Power      Damage    Failure   Level
 Animate Skeleton         Necr           6%         N/A       32%         1
 Pain                     Necr           12%        1d4       32%         1
 Foxfire                  Conj/Fire      12%        2x1d4     34%         1
 Vampiric Draining        Necr           1%         2d6       69%         3
 Inner Flame              Hex/Fire       1%         N/A       83%         3
 Animate Dead             Necr           1%         N/A       97%         4
 Agony                    Necr           3%         N/A       100%        5


Dungeon Overview and Level Annotations

Branches:
Dungeon (4/15)
 Temple: D:4-7

Altars:

Annotations:
D:2 Terence


Innate Abilities, Weirdness & Mutations

You cannot be hasted, slowed, berserked, paralysed or teleported.
You can dig through walls and to a lower floor.
You have a pair of large antennae on your head. (SInv)
Your four strong arms can wield two-handed weapons with a shield.
You occasionally shout uncontrollably at your foes.


Message History

The orc completely misses you.
You barely miss the orc.
The orc is severely wounded.
The orc hits you with a +0 club.
* * * LOW HITPOINT WARNING * * *
The orc barely misses you.
You take 4 damage, and have 9/33 hp.
You hit the orc but do no damage.
The orc is severely wounded.
The orc hits you with a +0 club.
* * * LOW HITPOINT WARNING * * *
You take 1 damage, and have 8/33 hp.
It was a potion of flight.
You feel very buoyant.
You fly up into the air.
The orc barely misses you.
It was a potion of curing.
You feel better. The orc hits you with a +0 club.
You regained 6 hp, and now have 15/33 hp.
It was a potion of mutation.
You feel extremely strange.
You feel the urge to shout. The orc barely misses you.
You hit the orc.
The orc is almost dead.
The orc hits you with a +0 club.
You take 3 damage, and have 12/33 hp.
You hit the orc.
You kill the orc!
You hit the kobold.
You kill the kobold!
You barely miss the orc.
The orc is lightly wounded.
The orc hits you but does no damage.
You closely miss the orc.
The orc is lightly wounded.
The orc hits you with a +0 mace.
* * * LOW HITPOINT WARNING * * *
You take 6 damage, and have 6/33 hp.
You completely miss the orc.
The orc is lightly wounded.
The orc hits you with a +0 mace.
You die...

#..#..######..###...........##.
#.......##..................#....
#.#.###.....................###..
. #. ......................# #.#
.. ......................# #.# ##
..........o<>........## ##
.....####{####.....## #o##
####### ##@# ###


You could see an orc.

Vanquished Creatures
  2 adders (D:3)
  A worm (D:3)
  2 dart slugs (D:3)
  6 orcs (D:3)
  5 ball pythons
  2 endoplasms
  2 giant cockroaches (D:3)
  3 goblins (D:1)
  A hobgoblin (D:3)
  6 jackals
  3 quokkas
  4 bats
  A frilled lizard (D:3)
  A kobold (D:3)
  5 rats
44 creatures vanquished.

Notes
Turn   | Place    | Note
-------+----------+-------------------------------------------
     0 | D:1      | gimp the Formicid Wanderer began the quest for the Orb.
     0 | D:1      | gimp set off with the following items: a +0 club, a +0
                  | robe; and the following spells available to memorise:
                  | Animate Skeleton, Pain, Foxfire, Vampiric Draining, Inner
                  | Flame, Animate Dead, Agony
     0 | D:1      | Reached XP level 1. HP: 13/13 MP: 3/3
   575 | D:1      | Reached XP level 2. HP: 20/20 MP: 5/5
   591 | D:1      | Reached skill level 1 in Axes
   923 | D:1      | Found a faded altar of an unknown god.
  1151 | D:2      | Reached skill level 1 in Fighting
  1156 | D:2      | Reached skill level 1 in Armour
  1329 | D:2      | Reached XP level 3. HP: 22/26 MP: 6/6
  1456 | D:2      | Noticed Terence
  1459 | D:2      | You fall into a shaft and drop 2 floors!
  1972 | D:3      | Reached XP level 4. HP: 11/32 MP: 7/7
  2545 | D:2      | You fall into a shaft and drop 1 floor!
  2799 | D:3      | HP: 1/33 [orc (5)]
  2828 | D:3      | Gained mutation: You occasionally shout uncontrollably at
                  | your foes. [potion of mutation]
  2834 | D:3      | Slain by an orc

Illustrated notes

Levels and vault maps discovered:
D:1:      dpeg_arrival_long_road, layout_rooms,
          hellmonk_ecumenical_altar_crossroads
D:2:      layout_basic, uniq_terence
D:3:      layout_rooms, lightli_temple_of_fire, due_unseen_surprise
D:4:      layout_basic, overflow_temple_1_default, dk_rats_in_the_wall,
          uniq_blork_the_orc

Skill      XL: |  1  2  3 |
---------------+----------+-----
Axes           | 1 2 |  2.5
Fighting       | 1 |  1.9
Armour         | 1 |  1.8
Shields        | |  1.2
Spellcasting   | |  2.1
Conjurations   | |  1.7
Necromancy     | |  1.0
Ice Magic      | |  1.0
Poison Magic   | |  2.6
Evocations     | |  1.1

Action                   |  1- 3 |  4- 6 || total
-------------------------+-------+-------++-------
Melee: Dagger            |    19 |       ||    19
       Club              |     5 |       ||     5
       Hand axe          |   100 |    92 ||   192
 Abil: Dig               |     3 |     3 ||     6
       Shaft Self        |     1 |     1 ||     2
  Use: Potion            |     1 |     5 ||     6
       Scroll            |       |     2 ||     2
Armor: Ring mail         |    65 |    28 ||    93
Dodge: Dodged            |   102 |    63 ||   165

Table legend: (Time is in decaauts)
 A = Elapsed time spent in this place.
 B = Non-inter-level travel time spent in this place.
 C = Inter-level travel time spent in this place.
 D = Time resting spent in this place.
 E = Time spent auto-exploring this place.
 F = Levels seen in this place.
 G = Mean time per level.
                   A        B        C        D        E       F      G
               +--------+--------+--------+--------+--------+-----+--------+
         Total |   2876 |   2870 |      6 |    802 |   1513 |   4 |  719.0 |
       Dungeon |   2876 |   2870 |      6 |    802 |   1513 |   4 |  719.0 |
               +--------+--------+--------+--------+--------+-----+--------+

Top non-repeatable levels by time:
     D:3: 1187 daAuts
     D:1: 1110 daAuts
     D:2: 532 daAuts
     D:4: 46 daAuts
